 Dungeon Crawl Stone Soup version 0.21-a0-498-g1b60429 (console) character file.

30080 hexaflexagon the Bringer of Law (level 13, -2/107 HPs)
             Began as a Hill Orc Wanderer on Nov 24, 2017.
             Was the Champion of Zin.
             Slain by a two-headed ogre
             ... wielding a +0 giant club
              (16 damage)
             ... on level 2 of the Orcish Mines.
             The game lasted 01:00:39 (24700 turns).

hexaflexagon the Bringer of Law (HOWn)             Turns: 24700, Time: 01:00:39

Health: -2/107     AC: 13    Str: 17    XL:     13   Next: 49%
Magic:  26/26      EV: 15    Int: 13    God:    Zin [******]
Gold:   1395       SH:  0    Dex: 17    Spells: 12/12 levels left

rFire    + . .     SeeInvis +   n - +0 hand axe (venom)
rCold    x . .     Gourm    .   v - +0 buckler
rNeg     . . .     Faith    .   u - +5 scale mail {rPois}
rPois    +         Spirit   .   (no helmet)
rElec    .         Reflect  .   (no cloak)
rCorr    .         Harm     .   (no gloves)
MR       .....                  (no boots)
Stlth    +.........             j - amulet of magic regeneration
HPRegen  0.27/turn              K - ring of see invisible
MPRegen  0.45/turn              f - ring of fire

@: confused, agile, slowed, very slow
A: slimy green scales 1, no potion heal 1
a: Recite, Vitalisation, Imprison, Sanctuary, Donate Gold, Cure All Mutations,
Renounce Religion


You were on level 2 of the Orcish Mines.
You worshipped Zin.
Zin was exalted by your worship.
You were very hungry.

You visited 4 branches of the dungeon, and saw 15 of its levels.
You also visited: Sewer and Volcano.

You collected 1550 gold pieces.
You donated 155 gold pieces to Zin.

Inventory:

Hand Weapons
 a - a +0 whip of electrocution
 b - a +0 hand crossbow
 n - a +0 hand axe of venom (weapon)
 G - the +4 short sword of Turghat {holy, rF+}
   (You found it on level 5 of the Dungeon)

   It has been blessed by the Shining One to cause great damage to the undead
   and demons.
   It protects you from fire.
Missiles
 d - 30 bolts
Armour
 s - a +0 shield
 u - a +5 scale mail of poison resistance (worn)
 v - a +0 buckler (worn)
Jewellery
 f - a ring of fire (right hand)
 i - an uncursed ring of ice
 j - an amulet of magic regeneration (around neck)
 K - a ring of see invisible (left hand)
Wands
 H - a wand of paralysis (1)
Scrolls
 e - 12 scrolls of identify
 g - 6 scrolls of enchant weapon
 o - 2 scrolls of fog
 D - 6 scrolls of remove curse
 E - a scroll of magic mapping
 M - 2 scrolls of immolation
Potions
 m - 2 potions of brilliance
 r - 2 potions of flight
 x - a potion of might
Books
 t - a book of Maledictions

   Spells                             Type                      Level
   a - Corona                         Hexes                        1
   b - Ensorcelled Hibernation        Hexes/Ice                    2
   c - Confuse                        Hexes                        3
   d - Tukima's Dance                 Hexes                        3
   e - Dazzling Spray                 Conjuration/Hexes            3
 L - a book of Changes

   Spells                             Type                      Level
   a - Beastly Appendage              Transmutation                1
   b - Sticks to Snakes               Transmutation                2
   c - Spider Form                    Transmutation/Poison         3
   d - Ice Form                       Ice/Transmutation            4
   e - Blade Hands                    Transmutation                5
Comestibles
 z - a meat ration
 F - 4 bread rations


   Skills:
 - Level 8.0 Fighting
   Level 1.1 Long Blades
 + Level 15.2 Axes
 - Level 1.0 Crossbows
 - Level 3.0 Armour
 - Level 1.6 Dodging
 - Level 1.0 Stealth
 - Level 4.2 Shields
 - Level 19.4 Invocations
 - Level 7.0 Evocations


You had 12 spell levels left.
You didn't know any spells.

Dungeon Overview and Level Annotations

Branches:
Dungeon (11/15)            Temple (1/1) D:5            Lair (1/6) D:10
    Orc (2/2) D:11            Elf (0/3) Orc:2

Altars:
Ashenzari
Cheibriados
Dithmenos
Elyvilon
Fedhas
Gozag
Hepliaklqana
Kikubaaqudgha
Makhleb
Nemelex Xobeh
Okawaru
Qazlal
Ru
Sif Muna
Trog
Uskayaw
Vehumet
Wu Jian
Xom
Yredelemnul
Zin
The Shining One
Beogh

Shops:
D:9 !   Orc:1 %   Orc:2 (![[

Annotations:
D:3 Thaneod's ghost, amateur MiGl
D:4 Thaneod's ghost, amateur MiGl
D:9 Gastronok
D:11 Snorg


Innate Abilities, Weirdness & Mutations

You are partially covered in slimy green scales. (AC +2)
Potions are less effective at restoring your health.


Message History

You feel invigorated.
The ogre mage hits you but does no damage.
The two-headed ogre hits you with a giant club.
* * * LOW HITPOINT WARNING * * *
The two-headed ogre hits you with a giant club!
* * * LOW HITPOINT WARNING * * *
The ogre mage casts a spell at you. The bolt of poison hits you! You resist.
* * * LOW HITPOINT WARNING * * *
Okay, then.
You're too confused!
Unknown command.
You feel agile all of a sudden.
You are feeling very hungry.
The two-headed ogre misses you. The two-headed ogre barely misses you.
The ogre mage gestures wildly while chanting.
The ogre mage flickers and vanishes for a moment.
The ogre mage misses you. The two-headed ogre closely misses you.
The two-headed ogre hits you with a giant club!
You die...

####.......####
##)........###
#.(....).....###
####..........#.#
###.#(...........### #
##..........##)....)###
#..........##......##.C
#.......[<####..)......
##....@.)..#.....).#...
#....OO..[[))..)......
##......[........)..##
##.....##########..##
#...#..#.............
###.##..#.8..8..8..8..
##....#.##.............
#.....####.............
###.#...##...8..8..8..8.


You could see a two-headed ogre and an ogre mage (dazed).

Vanquished Creatures
  3 ogre magi (Orc:2)
  Erica (D:10)
  14 two-headed ogres
  Nergalle (D:11)
  An orc high priest (Orc:1)
  A salamander mystic (Volcano)
  The ghost of zero the Covert, a novice SpEn of Vehumet (D:10)
  An unseen horror (D:11)
  The ghost of tidbits the Insei, a novice GnMo of Cheibriados (D:6)
  An orc sorcerer (Orc:2)
  A cyclops (Orc:1)
  Psyche (D:8)
  Joseph (D:7)
  A gargoyle (D:11)
  A komodo dragon (D:10)
  3 trolls
  A merfolk (D:11)
  Prince Ribbit (D:7)
  Eustachio (D:4)
  6 yaks (D:10)
  2 hungry ghosts
  2 wargs
  An ice beast (D:9)
  2 sky beasts
  2 necrophages
  10 orc warriors
  A black bear (D:8)
  31 ogres
  5 phantoms
  9 centaurs
  A crocodile (D:11)
  A big kobold (D:9)
  7 bullfrogs
  2 scorpions
  A water moccasin skeleton (D:6)
  A wyvern skeleton (D:10)
  11 killer bees
  2 troll zombies (D:11)
  An electric eel (D:10)
  2 howler monkeys
  5 crimson imps
  A centaur zombie (D:9)
  8 hounds
  3 jellies
  A quasit (D:11)
  2 bullfrog skeletons
  9 orc priests
  2 gnoll shamans
  22 orc wizards
  3 worker ants
  Terence (D:2)
  Natasha (thrice) (D:3)
  A killer bee zombie (D:7)
  4 ogre zombies (D:11)
  A hound skeleton (D:5)
  A worker ant zombie (D:5)
  6 river rats (Sewer)
  17 adders
  17 gnolls
  2 shadow imps
  2 oozes
  3 adder zombies
  5 worms
  2 dart slugs (D:2)
  8 leopard geckos
  64 orcs
  4 ball pythons
  21 giant cockroaches
  4 goblins
  13 hobgoblins
  18 jackals
  3 quokkas
  6 bats
  5 frilled lizards
  A goblin zombie (D:11)
  A hobgoblin skeleton (D:11)
  A hobgoblin zombie (D:11)
  25 kobolds
  A leopard gecko skeleton (D:4)
  2 orc skeletons (D:11)
  13 orc zombies (D:11)
  A quokka zombie (D:7)
  21 rats
  A pillar of salt (D:11)
470 creatures vanquished.

Vanquished Creatures (others)
  An orc wizard (D:10)
  An adder skeleton (D:10)
  4 pillars of salt
6 creatures vanquished.

Grand Total: 476 creatures vanquished

Notes
Turn   | Place    | Note
-------+----------+-------------------------------------------
     0 | D:1      | hexaflexagon the Hill Orc Wanderer began the quest for the Orb.
     0 | D:1      | hexaflexagon set off with: a +2 leather armour, a potion of curing, a +0 hand crossbow, 22 bolts, a bread ration
     0 | D:1      | Reached XP level 1. HP: 18/18 MP: 1/1
   178 | D:1      | Reached XP level 2. HP: 26/26 MP: 2/2
   743 | D:1      | Reached XP level 3. HP: 33/33 MP: 3/3
  1015 | D:2      | Noticed a fire elemental
  1017 | D:2      | Found a stormy altar of Qazlal.
  1018 | D:2      | Noticed a water elemental
  1018 | D:2      | Noticed an earth elemental
  1018 | D:2      | Noticed an air elemental
  1308 | D:2      | Reached XP level 4. HP: 41/41 MP: 4/4
  1326 | D:2      | Reached skill level 5 in Fighting
  1447 | D:2      | Noticed Terence
  1451 | D:2      | Killed Terence
  1905 | D:3      | Reached XP level 5. HP: 50/50 MP: 5/5
  2004 | D:3      | Found a glowing drain.
  2031 | D:3      | Noticed Thaneod's ghost (amateur MiGl)
  2117 | Sewer    | Entered a sewer
  2593 | Sewer    | Reached XP level 6. HP: 60/60 MP: 6/6
  3249 | D:3      | Noticed Natasha
  3264 | D:3      | Killed Natasha
  3292 | D:3      | Noticed Natasha
  3301 | D:3      | Killed Natasha
  3351 | D:3      | Noticed Natasha
  3359 | D:3      | Killed Natasha
  3920 | D:3      | Reached XP level 7. HP: 62/66 MP: 7/7
  3943 | D:3      | Found a white marble altar of Elyvilon.
  3968 | D:3      | Became a worshipper of Elyvilon the Healer
  4535 | D:4      | Noticed Thaneod's ghost (amateur MiGl)
  5270 | D:4      | Reached skill level 2 in Invocations
  5353 | D:4      | Reached skill level 3 in Invocations
  5440 | D:4      | Reached skill level 4 in Invocations
  5449 | D:4      | Reached XP level 8. HP: 66/74 MP: 11/11
  5460 | D:4      | Reached skill level 5 in Invocations
  5507 | D:4      | Reached * piety under Elyvilon
  5557 | D:4      | Found a stormy altar of Qazlal.
  5637 | D:4      | Noticed Eustachio
  6066 | D:4      | Reached skill level 6 in Invocations
  6471 | D:5      | Entered Level 5 of the Dungeon
  6471 | D:5      | Found a staircase to the Ecumenical Temple.
  6498 | Temple   | Entered the Ecumenical Temple
  6599 | Temple   | Fell from the grace of Elyvilon
  6599 | Temple   | Became a worshipper of Zin the Law-Giver
  6599 | Temple   | Reached * piety under Zin
  6705 | D:5      | Reached skill level 7 in Invocations
  6784 | D:5      | Found a hazy altar of Hepliaklqana.
  6810 | D:5      | Got a steaming short sword
  6811 | D:5      | Identified the +4 short sword of Turghat {holy, rF+} (You found it on level 5 of the Dungeon)
  6994 | D:5      | Reached skill level 8 in Invocations
  7265 | D:5      | Found a sparkling altar of Nemelex Xobeh.
  7270 | D:5      | Found a radiant altar of Vehumet.
  7273 | D:5      | Found an ancient bone altar of Kikubaaqudgha.
  7499 | D:6      | Reached ** piety under Zin
  7546 | D:6      | Reached skill level 9 in Invocations
  7702 | D:6      | Reached skill level 10 in Invocations
  7702 | D:6      | Reached XP level 9. HP: 51/81 MP: 16/16
  7726 | D:6      | Noticed tidbits's ghost (novice GnMo)
  8116 | D:6      | Reached skill level 11 in Invocations
  9075 | D:7      | Reached skill level 12 in Invocations
  9215 | D:7      | Reached skill level 17 in Invocations
  9215 | D:7      | Reached XP level 10. HP: 66/88 MP: 18/22
  9216 | D:7      | Gained mutation: Potions are less effective at restoring your health. [potion of mutation]
  9216 | D:7      | Gained mutation: You are partially covered in slimy green scales. (AC +2) [potion of mutation]
  9521 | D:7      | Noticed Joseph
  9544 | D:7      | Killed Joseph
  9974 | D:7      | Noticed Prince Ribbit
 10002 | D:7      | Killed Prince Ribbit
 10002 | D:7      | Reached skill level 18 in Invocations
 10348 | D:8      | Found a bloodstained altar of Trog.
 10362 | D:8      | Reached *** piety under Zin
 10556 | D:8      | Noticed a two-headed ogre
 10646 | D:8      | Noticed Psyche
 10656 | D:8      | Killed Psyche
 10656 | D:8      | Reached skill level 1 in Axes
 10826 | D:8      | Killed a two-headed ogre
 10826 | D:8      | Reached XP level 11. HP: 53/94 MP: 24/24
 11134 | D:8      | Found a glowing golden altar of the Shining One.
 11504 | D:9      | Reached **** piety under Zin
 11775 | D:9      | Found Wimidgh's Distillery.
 11785 | D:9      | Noticed Gastronok
 12444 | D:9      | Reached skill level 5 in Axes
 12961 | D:10     | Entered Level 10 of the Dungeon
 13009 | D:10     | Noticed a two-headed ogre
 13066 | D:10     | Killed a two-headed ogre
 13338 | D:10     | Noticed zero's ghost (novice SpEn)
 13581 | D:10     | Reached skill level 19 in Invocations
 13784 | D:10     | Noticed a six-headed hydra
 13875 | D:11     | Noticed Nergalle
 14019 | D:11     | Noticed a spectral orc warlord
 14908 | D:4      | Killed Eustachio
 15016 | D:6      | Killed tidbits's ghost
 15313 | D:10     | Found a staircase to the Lair.
 15485 | D:10     | Killed zero's ghost
 15926 | D:11     | Noticed Snorg
 16273 | Lair:1   | Entered Level 1 of the Lair of Beasts
 16305 | D:10     | Reached ***** piety under Zin
 17160 | D:11     | Killed Nergalle
 17160 | D:11     | Reached XP level 12. HP: 98/101 MP: 25/25
 17659 | D:11     | Found a staircase to the Orcish Mines.
 17726 | D:11     | Reached skill level 10 in Axes
 18526 | D:10     | Noticed Erica
 18558 | D:10     | Killed Erica
 18798 | D:11     | Noticed a two-headed ogre
 18824 | D:11     | Killed a two-headed ogre
 19483 | D:11     | Found a hide-covered altar of Uskayaw.
 19596 | Orc:1    | Entered Level 1 of the Orcish Mines
 19625 | Orc:1    | Noticed a two-headed ogre
 19647 | Orc:1    | Killed a two-headed ogre
 19998 | Orc:1    | Found Kiachon's Food Boutique.
 20199 | Orc:2    | Entered Level 2 of the Orcish Mines
 20223 | Orc:2    | Found a dark tunnel.
 20520 | Volcano  | Entered a volcano
 20908 | Orc:2    | Noticed an orc high priest
 21051 | Orc:2    | Found a staircase to the Elven Halls.
 21411 | Orc:2    | Noticed a two-headed ogre
 21432 | Orc:1    | Killed an orc high priest
 21432 | Orc:1    | Reached skill level 5 in Evocations
 21736 | Orc:2    | Killed a two-headed ogre
 21758 | Orc:2    | Found a roughly hewn altar of Beogh.
 21783 | Orc:2    | Noticed a two-headed ogre
 22110 | Orc:2    | Killed a two-headed ogre
 22113 | Orc:2    | Noticed a sun demon
 22453 | Orc:1    | Noticed an orc high priest
 22484 | Orc:2    | Reached ****** piety under Zin
 22552 | Orc:2    | Noticed a two-headed ogre
 22627 | Orc:2    | Killed a two-headed ogre
 22677 | Orc:2    | Noticed an ogre mage
 22684 | Orc:2    | Reached XP level 13. HP: 54/107 MP: 26/26
 22685 | Orc:2    | Paralysed by an ogre mage for 5 turns
 22704 | Orc:2    | Killed an ogre mage
 24118 | Orc:2    | Found Unwo's Distillery.
 24118 | Orc:2    | Found Utuuh's Antique Weapon Emporium.
 24181 | Orc:2    | Found Uwoehosyant's Armour Shoppe.
 24181 | Orc:2    | Found Fuowe's Antique Armour Shop.
 24235 | Orc:2    | Reached skill level 15 in Axes
 24645 | Orc:2    | Noticed a stone giant
 24698 | Orc:2    | HP: 4/107 [ogre mage/bolt of poison (9)]
 24700 | Orc:2    | Slain by a two-headed ogre

Vault maps used:
D:1:      scummos_arrival_hexagon
D:2:      nicolae_qazlal_style_of_elements, uniq_terence,
          uniq_crazy_yiuf_cottage
D:3:      minmay_roachtagon, overflow_temple_1_default, gup_sewer_entry_glass,
          uniq_natasha
D:4:      lemuel_coloured_pillars_altar, first_bread, uniq_eustachio
D:5:      minmay_overflow_temple_star_quad, minmay_temple_entry_statues_pillars,
          basic_altar
D:7:      minivault_10, grunt_decor_fettered, uniq_prince_ribbit1, uniq_joseph
D:8:      nicolae_overflow_hidden_temple, tso_oasis_becter, uniq_psyche
D:9:      minmay_flawed_box, serial_shops, shop, uniq_gastronok
D:10:     lair_entry_dummy, uniq_erica
D:11:     zombieorc1_lemuel, basic_altar, hangedman_fish_farm, grunt_potential,
          uniq_nergalle, uniq_snorg
Temple:   regret_index_temple_waves
Lair:1:   lemuel_fruit_fields, grunt_megastairs_1
Orc:1:    serial_shops, shop
Orc:2:    st_orc_ogre_mass, nicolae_volcano_entry_lava_flow, bh_open_orc_temple
Sewer:    sewer_minmay_treatment
Volcano:  volcano_pools

Skill      XL: |  1  2  3  4  5  6  7  8  9 10 11 12 13 |
---------------+----------------------------------------+-----
Fighting       | 3 4 5 7 8 |  8.0
Shields        | 4 |  4.2
Armour         | 3 |  3.0
Invocations    | 4 10 17 18 19 | 19.4
Axes           | 3 9 12 15 | 15.2
Evocations     | 7 |  7.0
Long Blades    | |  1.1
Crossbows      | |  1.0
Dodging        | |  1.6
Stealth        | |  1.0

Action                   |  1- 3 |  4- 6 |  7- 9 | 10-12 | 13-15 || total
-------------------------+-------+-------+-------+-------+-------++-------
Melee: Flail             |       |   144 |       |       |       ||   144
       Short sword       |       |   158 |   154 |       |       ||   312
       Unarmed           |       |     5 |       |       |       ||     5
       Whip              |       |       |   360 |    96 |       ||   456
       Hand axe          |       |       |       |  1042 |   166 ||  1208
 Fire: Hand crossbow     |    90 |    33 |   111 |    31 |       ||   265
Invok: Recite            |       |       |    13 |    69 |    17 ||    99
       Vitalisation      |       |       |       |     3 |       ||     3
       Sanctuary         |       |       |       |     1 |       ||     1
Evoke: Wand              |       |       |     6 |    32 |     9 ||    47
  Use: Scroll            |       |     7 |       |    15 |     2 ||    24
       Potion            |       |       |    16 |     6 |     2 ||    24
 Stab: Paralysed         |       |       |     4 |    74 |    20 ||    98
       Invisible         |       |       |     2 |    11 |       ||    13
       Confused          |       |       |       |    35 |    10 ||    45
  Eat: Chunk             |     1 |     9 |    11 |    11 |       ||    32
       Royal jelly       |       |       |     1 |     3 |       ||     4
       Bread ration      |       |       |     1 |     2 |       ||     3
       Meat ration       |       |       |       |     5 |     1 ||     6
       Fruit             |       |       |       |     2 |       ||     2
Armor: Leather armour    |     4 |    13 |       |       |       ||    17
       Scale mail        |       |   273 |   354 |   432 |    11 ||  1070
Dodge: Dodged            |    16 |   243 |   323 |   406 |    43 ||  1031
Block: Buckler           |       |       |   134 |   212 |    27 ||   373

Table legend:
 A = Spawn XP
 B = Non-spawn XP
 C = Spawn XP percentage of total XP
 D = Spawn monster count
 E = Non-spawn monster count
 F = Spawn count percentage of total count
 G = Total turns spent on level
                    A         B        C        D         E        F      G
               +---------+---------+-------+---------+---------+-------+---------
         Total |       0 |   39586 |   0.0 |       0 |     470 |   0.0 | 24700
               +---------+---------+-------+---------+---------+-------+---------
           D:1 |       0 |      43 |   0.0 |       0 |      18 |   0.0 |   896
           D:2 |       0 |     114 |   0.0 |       0 |      19 |   0.0 |  1449
           D:3 |       0 |     468 |   0.0 |       0 |      55 |   0.0 |  2086
           D:4 |       0 |     955 |   0.0 |       0 |      26 |   0.0 |  1315
           D:5 |       0 |     464 |   0.0 |       0 |      24 |   0.0 |  1061
           D:6 |       0 |    1588 |   0.0 |       0 |      31 |   0.0 |  1360
           D:7 |       0 |    2095 |   0.0 |       0 |      38 |   0.0 |  1529
           D:8 |       0 |    1696 |   0.0 |       0 |       9 |   0.0 |  1148
           D:9 |       0 |    1776 |   0.0 |       0 |      37 |   0.0 |  2063
          D:10 |       0 |    5278 |   0.0 |       0 |      36 |   0.0 |  3652
          D:11 |       0 |    4889 |   0.0 |       0 |      56 |   0.0 |  1955
         Orc:1 |       0 |    5563 |   0.0 |       0 |      19 |   0.0 |  2011
         Orc:2 |       0 |   13705 |   0.0 |       0 |      53 |   0.0 |  2976
         Sewer |       0 |     171 |   0.0 |       0 |      48 |   0.0 |   953
       Volcano |       0 |     781 |   0.0 |       0 |       1 |   0.0 |   117
               +---------+---------+-------+---------+---------+-------+---------
